 Dungeon Crawl Stone Soup version 0.28-a0-1415-g7c84da036a (webtiles) character file.

Game seed: 59067998567846230

214 bande the Covered (level 5, -7/33 HPs)
             Began as a Gargoyle Fighter on Jan 7, 2022.
             Mangled by a wyvern (12 damage)
             ... on level 4 of the Dungeon.
             The game lasted 00:03:41 (3576 turns).

bande the Covered (Gargoyle Fighter)                Turns: 3576, Time: 00:03:42

Health: -7/33      AC: 15    Str: 19    XL:     5   Next: 91%
Magic:  5/5        EV:  5    Int:  9    God:
Gold:   146        SH:  4    Dex: 11    Spells: 4/4 levels left

rFire   . . .      SeeInvis .   a - +0 war axe
rCold   . . .      Faith    .   c - +0 buckler
rNeg    + . .      Spirit   .   i - +0 plate armour
rPois   ∞          Reflect  .   (no helmet)
rElec   +          Harm     .   (no cloak)
rCorr   .          Rampage  .   (no gloves)
Will    .....                   (no boots)
Stlth   ..........              (no amulet)
HPRegen 0.91/turn               (no ring)
MPRegen 0.09/turn               (no ring)

@: unable to read
A: sickness immunity, AC +4, negative energy resistance 1, electricity
resistance, torment resistance 1, petrification resistance, fangs 1,
regeneration 1, no potion heal 1, inability to read while threatened
a: no special abilities


You were on level 4 of the Dungeon.
You visited 1 branch of the dungeon, and saw 4 of its levels.

You collected 146 gold pieces.

Inventory:

Hand Weapons
 a - a +0 war axe (weapon)
Armour
 c - a +0 buckler (worn)
 i - a +0 plate armour (worn)
Jewellery
 g - a ring of wizardry
Wands
 h - a wand of acid (17)
Scrolls
 f - 2 scrolls of identify
 k - a scroll of holy word {unknown}
Potions
 b - a potion of resistance
 d - a potion of might
 e - a potion of heal wounds
 j - a potion of brilliance


   Skills:
 + Level 4.1 Fighting
 + Level 3.6 Axes
 + Level 4.3 Armour
 - Level 0.1 Stealth
 + Level 3.6 Shields
 * Level 1.5 Evocations


You had 4 spell levels left.
You didn't know any spells.
Your spell library contained the following spells:

 Spells                   Type           Power      Damage    Failure   Level
 Apportation              Tloc           0%         N/A       100%        1
 Alistair's Intoxication  Tmut/Pois      0%         N/A       100%        5


Dungeon Overview and Level Annotations

Branches:
Dungeon (4/15)
 Temple: D:4-7

Altars:

Shops:
D:1 :


Innate Abilities, Weirdness & Mutations

You are immune to sickness and miasma.
Your stone body is resilient. (AC +4)
You are immune to poison.
You resist negative energy. (rN+)
You are resistant to electric shocks. (rElec)
You are resistant to unholy torment.
You are immune to petrification.
You have very sharp teeth.
Your natural rate of healing is unusually fast.
Potions are less effective at restoring your health.
You sometimes lose the ability to read scrolls when taking damage.


Message History

The wyvern bites you.
The wyvern bites you but does no damage.
You barely miss the wyvern.
The wyvern is moderately wounded.
The wyvern bites you but does no damage. x2
You hit the wyvern.
The wyvern is moderately wounded.
You block the wyvern's attack. x2
You hit the wyvern.
The wyvern is heavily wounded.
The wyvern bites you. x2
You barely miss the wyvern. Your bite misses the wyvern.
The wyvern is heavily wounded.
The wyvern bites you! The wyvern barely misses you.
You closely miss the wyvern.
The wyvern is heavily wounded.
The wyvern barely misses you. x2
You closely miss the wyvern. You bite the wyvern, but do no damage.
The wyvern is heavily wounded.
The wyvern bites you.
You feel threatened and lose the ability to read scrolls!
The wyvern bites you!
* * * LOW HITPOINT WARNING * * *
You are too injured to fight recklessly!
You are too injured to fight recklessly!
You are too injured to fight recklessly!
You are too injured to fight recklessly!
You are too injured to fight recklessly!
You are too injured to fight recklessly!
You are too injured to fight recklessly!
You are too injured to fight recklessly!
You barely miss the wyvern.
The wyvern is heavily wounded.
The wyvern bites you.
* * * LOW HITPOINT WARNING * * *
The wyvern bites you but does no damage.
You barely miss the wyvern.
The wyvern is heavily wounded.
The wyvern bites you!
You die...

.. ###.
#... #...
#...##
.###....###
..........#
#...l@.#
#...#<.#
#####.[#
.....
###.### .#
##


You could see a wyvern.

Vanquished Creatures
  2 scorpions (D:3)
  4 adders
  2 worms
  3 bats
  5 endoplasms
  6 giant cockroaches
  8 goblins
  A hobgoblin (D:3)
  4 kobolds
  3 quokkas
  8 ball pythons
  3 frilled lizards
  6 rats
55 creatures vanquished.

Vanquished Creatures (others)
  A fungus (D:2)
  A plant (D:2)
2 creatures vanquished.

Grand Total: 57 creatures vanquished

Notes
Turn   | Place    | Note
-------+----------+-------------------------------------------
     0 | D:1      | bande the Gargoyle Fighter began the quest for the Orb.
     0 | D:1      | Reached XP level 1. HP: 14/14 MP: 1/1
   160 | D:1      | Found Luex's Book Shop.
   493 | D:1      | Reached XP level 2. HP: 19/19 MP: 2/2
  1257 | D:2      | Reached XP level 3. HP: 14/23 MP: 3/3
  2326 | D:2      | Reached XP level 4. HP: 26/29 MP: 4/4
  2534 | D:2      | Found a faded altar of an unknown god.
  2888 | D:3      | Gained mutation: Potions are less effective at restoring
                  | your health. [potion of mutation]
  2888 | D:3      | Gained mutation: You have very sharp teeth. [potion of
                  | mutation]
  2888 | D:3      | Gained mutation: You sometimes lose the ability to read
                  | scrolls when taking damage. [potion of mutation]
  2888 | D:3      | Gained mutation: Your natural rate of healing is unusually
                  | fast. [potion of mutation]
  2978 | D:3      | Noticed a scorpion
  2993 | D:3      | Killed a scorpion
  2994 | D:3      | Reached skill level 1 in Evocations
  2994 | D:3      | Reached XP level 5. HP: 33/33 MP: 5/5
  3559 | D:4      | Noticed a wyvern
  3576 | D:4      | Mangled by a wyvern

Illustrated notes

Levels and vault maps discovered:
D:1:      minmay_arrival_radiant_lines, layout_basic, serial_shops, shop_statue,
          serial_forest, infiniplex_forest_corner_1, infiniplex_forest_end_2,
          infiniplex_forest_lined_room_2, infiniplex_forest_straight_5,
          infiniplex_forest_fountain
D:2:      layout_loops_ring, shapermc_ecumenical_altar_mp_urbaneastern,
          minmay_hexomino_p4
D:3:      layout_basic
D:4:      layout_rooms, mrwooster_statue_mirror, solitary_fountain, uniq_sigmund

Skill      XL: |  1  2  3  4 |
---------------+-------------+-----
Axes           | 2 3 |  3.6
Armour         | 4 |  4.3
Fighting       | 4 |  4.1
Evocations     | 1 |  1.5
Stealth        | |  0.1
Shields        | |  3.6

Action                   |  1- 3 |  4- 6 || total
-------------------------+-------+-------++-------
Melee: War axe           |   131 |    73 ||   204
       Bite              |       |     4 ||     4
  Use: Scroll            |     2 |     6 ||     8
       Potion            |       |     1 ||     1
Armor: Scale mail        |    45 |       ||    45
       Plate armour      |    15 |    49 ||    64
Dodge: Dodged            |    66 |    18 ||    84
Block: Buckler           |    24 |    16 ||    40

Table legend: (Time is in decaauts)
 A = Elapsed time spent in this place.
 B = Non-inter-level travel time spent in this place.
 C = Inter-level travel time spent in this place.
 D = Time resting spent in this place.
 E = Time spent auto-exploring this place.
 F = Levels seen in this place.
 G = Mean time per level.
                   A        B        C        D        E       F      G
               +--------+--------+--------+--------+--------+-----+--------+
         Total |   3660 |   3634 |     26 |    473 |   2631 |   4 |  915.0 |
       Dungeon |   3660 |   3634 |     26 |    473 |   2631 |   4 |  915.0 |
               +--------+--------+--------+--------+--------+-----+--------+

Top non-repeatable levels by time:
     D:2: 1359 daAuts
     D:1: 1266 daAuts
     D:3: 1012 daAuts
     D:4: 22 daAuts
